 Dungeon Crawl Stone Soup version 0.25-a0-734-g73332aeda9 (webtiles) character file.

Game seed: 4052783572320678695, levelgen mode: classic

2895 Amnesiac the Frost Mage (level 9, -4/71 HPs)
             Began as a Ghoul Ice Elementalist on Apr 10, 2020.
             Was a Priest of Vehumet.
             Slain by Gastronok (7 damage)
             ... on level 8 of the Dungeon.
             The game lasted 00:16:18 (5347 turns).

Amnesiac the Frost Mage (Ghoul Ice Elementalist)    Turns: 5347, Time: 00:16:18

Health: -4/71      AC:  3    Str: 12      XL:     9   Next: 77%
Magic:  15/16      EV: 12    Int: 19 (20) God:    Vehumet [***...]
Gold:   357        SH:  0    Dex:  7 (9)  Spells: 2/19 levels left

rFire    + . .     SeeInvis .   a - +7 dagger of Darkness {drain, rPois rN+ Int+4 Stlth+}
rCold    . . .     Gourm    .   (no shield)
rNeg     + + +     Faith    .   o - +1 robe
rPois    ∞         Spirit   .   (no helmet)
rElec    .         Reflect  .   (no cloak)
rCorr    .         Harm     +   (no gloves)
MR       .....                  (no boots)
Stlth    +++.......             u - amulet of harm
HPRegen  0.00/turn              p - ring of fire
MPRegen  0.15/turn              x - +3 ring of intelligence

@: rotting
A: rotting body, claws 1, carnivore, cold resistance 1, negative energy
resistance 3, inhibited regeneration, torment resistance, unbreathing
a: Renounce Religion


You were on level 8 of the Dungeon.
You worshipped Vehumet.
Vehumet was most pleased with you.
You were not hungry.

You visited 2 branches of the dungeon, and saw 9 of its levels.

You collected 357 gold pieces.

Inventory:

Hand Weapons
 a - the +7 dagger of Darkness (weapon) {drain, rPois rN+ Int+4 Stlth+}
   (You found it on level 4 of the Dungeon)

   A truly terrible weapon, it drains the life of those it strikes.
   It affects your intelligence (+4).
   It protects you from poison.
   It protects you from negative energy.
   It makes you more stealthy.
Missiles
 n - 49 poisoned darts (quivered)
Armour
 o - a +1 robe (worn)
Jewellery
 p - a ring of fire (left claw)
 u - an amulet of harm (around neck)
 x - a +3 ring of intelligence (right claw)
 A - an uncursed amulet of magic regeneration {unknown}
Wands
 d - a wand of polymorph (5)
 j - a wand of flame (38)
 s - a wand of iceblast (10)
Scrolls
 f - 3 scrolls of enchant armour {!r}
 m - 3 scrolls of immolation {!r}
 q - 3 scrolls of teleportation {!r}
 r - 3 scrolls of blinking {!r}
 t - a scroll of fog {!r}
Potions
 i - a potion of might {!q}
 w - a potion of curing {!q}
Comestibles
 c - 6 rations


   Skills:
 - Level 4.0 Fighting
 + Level 3.5 Short Blades
 - Level 1.7 Dodging
 - Level 2.1 Stealth
 + Level 5.7 Spellcasting
 * Level 11.5 Ice Magic


You had 2 spell levels left.
You knew the following spells:

 Your Spells              Type           Power        Failure   Level  Hunger
b - Frozen Ramparts       Ice            #####.       1%          3    ##.....
c - Summon Ice Beast      Ice/Summ       ####....     11%         4    ####...
d - Hailstorm             Conj/Ice       ####....     3%          4    ####...
e - Mephitic Cloud        Conj/Pois/Air  #.......     10%         3    ##.....
z - Ozocubu's Armour      Chrm/Ice       ####....     3%          3    ##.....

Your spell library contained the following spells:

 Spells                   Type           Power        Failure   Level  Hunger
 Freeze                   Ice            ####         1%          1    None


Dungeon Overview and Level Annotations

Branches:
Dungeon (8/15)             Temple (1/1) D:6
   Lair: D:8-11

Altars:
Cheibriados
Gozag
Kikubaaqudgha
Qazlal
Trog
Vehumet
Wu Jian
Zin

Shops:
D:6 (

Annotations:
D:1 1 exclusion
D:4 exclusion: statue
D:5 Grinder
D:8 Gastronok


Innate Abilities, Weirdness & Mutations

Your body is rotting away.
You thrive on raw meat.
You are immune to poison.
You have sharp fingernails.
You are carnivorous and can eat meat at any time.
Your flesh is cold resistant. (rC+)
You are immune to negative energy. (rN+++)
You do not regenerate when monsters are visible.
You are immune to unholy pain and torment.
You can survive without breathing.


Message History

Eating a chunk of flesh.
You eat the chunk of flesh.
This raw flesh tastes great!
Okay, then.
Casting: Mephitic Cloud (safe; 10% risk of failure)
Confirm with . or Enter, or press ? or * to list all spells.
Aiming: Mephitic Cloud (safe; 10% risk of failure)
Press: ? - help, Shift-Dir - straight line, f/p - Gastronok
Aim: Gastronok, wearing a +2 hat of magic resistance (moderately wounded, covering ground quickly, lightly drained)
The ball explodes into a vile cloud!
The stinking cloud engulfs Gastronok but does no damage.
Gastronok is moderately wounded.
You hear a bellow!
Gastronok is engulfed in noxious fumes.
Really quaff
e - a potion of heal wounds {!q}?
You feel much better.
Gastronok is engulfed in noxious fumes.
You barely miss Gastronok.
Gastronok is moderately wounded.
You hit Gastronok but do no damage.
Gastronok is moderately wounded.
Gastronok's mouth opens, radula flailing wildly.
Gastronok bites you.
You hit Gastronok.
Gastronok is moderately wounded.
You hit Gastronok.
Gastronok is moderately wounded.
You hit Gastronok.
Gastronok is moderately wounded.
Gastronok barely misses you.
You hit Gastronok but do no damage.
Gastronok is moderately wounded.
You hit Gastronok.
Gastronok is moderately wounded.
Gastronok barely misses you.
You puncture Gastronok!
Gastronok is moderately wounded.
You puncture Gastronok! You drain Gastronok.
Gastronok is heavily wounded.
You hit Gastronok. You drain Gastronok.
Gastronok is heavily wounded.
Gastronok bites you!
You hit Gastronok.
Gastronok is heavily wounded.
You puncture Gastronok!
Gastronok is heavily wounded.
Gastronok casts a spell.
You puncture Gastronok!
Gastronok is severely wounded.
The bat barely misses you. x2
You hit Gastronok but do no damage.
Gastronok is severely wounded.
The bat misses you.
You hit Gastronok.
Gastronok is severely wounded.
The bat hits you but does no damage. x2; Gastronok bites you!!
* * * LOW HITPOINT WARNING * * *
You hit Gastronok.
Gastronok is severely wounded.
The bat hits you.
* * * LOW HITPOINT WARNING * * *
The bat barely misses you.
You hit Gastronok. You drain Gastronok.
Gastronok is severely wounded.
The bat hits you but does no damage. x2; Gastronok bites you.
You die...

# ###.....#
#.# #.##
#.....# #.# ..
#.....# #.##
#.....# #..#
#.....# ##.##
....####..#
........#.#
##########.#.#
#.bbw@b....#.#
#..#########..
#..######## ..
#...w.....#
..#
#.........#
..#
#.....(...#
#.........#
...........#
#...#########


You could see Gastronok and 3 bats.

Vanquished Creatures
  Sigmund (D:4)
  A water moccasin (D:7)
  An ice beast (D:7)
  A sky beast (D:4)
  3 orc warriors
  4 ogres
  A black bear (D:7)
  2 centaurs
  4 bullfrogs
  5 scorpions
  A crimson imp (D:6)
  5 hounds
  A quasit (D:6)
  2 jellies
  2 orc priests
  6 orc wizards
  A centaur skeleton (D:4)
  An iguana (D:4)
  Ijyb (D:3)
  6 worker ants
  A hound skeleton (D:6)
  A howler monkey zombie (D:5)
  3 gnolls (D:5)
  9 adders
  An ooze (D:1)
  An adder zombie (D:5)
  2 worms
  An adder skeleton (D:5)
  5 dart slugs
  6 leopard geckos
  27 orcs
  12 bats
  4 giant cockroaches
  8 goblins
  9 hobgoblins
  6 jackals
  5 kobolds
  3 quokkas
  2 ball pythons (D:4)
  5 frilled lizards
  A leopard gecko skeleton (D:6)
  12 rats
173 creatures vanquished.

Vanquished Creatures (collateral kills)
  A phantom (D:3)
1 creature vanquished.

Grand Total: 174 creatures vanquished

Notes
Turn   | Place    | Note
-------+----------+-------------------------------------------
     0 | D:1      | Amnesiac the Ghoul Ice Elementalist began the quest for the
                  | Orb.
     0 | D:1      | Reached XP level 1. HP: 14/14 MP: 2/2
    89 | D:1      | Reached XP level 2. HP: 10/20 MP: 0/4
   148 | D:1      | HP: 1/20 [dart slug/slug dart (2)]
   219 | D:1      | Reached skill level 5 in Ice Magic
   418 | D:1      | Reached XP level 3. HP: 15/26 MP: 0/5
   551 | D:2      | Learned a level 3 spell: Frozen Ramparts
   595 | D:2      | Reached XP level 4. HP: 11/33 MP: 0/6
   661 | D:3      | Found an ancient bone altar of Kikubaaqudgha.
   670 | D:3      | Found an opulent altar of Gozag.
   679 | D:3      | Found an ornate altar of the Wu Jian Council.
   697 | D:3      | Reached skill level 6 in Ice Magic
   798 | D:4      | Found a radiant altar of Vehumet.
   805 | D:4      | Noticed a frost-covered statue
   808 | D:4      | Reached XP level 5. HP: 23/38 MP: 1/7
   850 | D:4      | Reached skill level 7 in Ice Magic
   878 | D:4      | Became a worshipper of Vehumet
   933 | D:3      | Noticed a phantom
   947 | D:3      | Noticed Ijyb
  1003 | D:2      | Learned a level 3 spell: Ozocubu's Armour
  1015 | D:2      | Reached XP level 6. HP: 36/45 MP: 1/9
  1659 | D:2      | Reached * piety under Vehumet
  1659 | D:2      | Offered knowledge of Sandblast by Vehumet.
  2056 | D:3      | Killed Ijyb
  2084 | D:3      | Learned a level 4 spell: Summon Ice Beast
  2120 | D:3      | Killed a phantom
  2509 | D:4      | Reached XP level 7. HP: 48/51 MP: 6/11
  2551 | D:4      | Noticed Sigmund
  2579 | D:4      | Killed Sigmund
  2579 | D:4      | Reached skill level 8 in Ice Magic
  2615 | D:4      | Got a twisted dagger
  2616 | D:4      | Identified the +7 dagger of Darkness {drain, rPois rN+
                  | Int+4 Stlth+} (You found it on level 4 of the Dungeon)
  2939 | D:5      | Entered Level 5 of the Dungeon
  2972 | D:5      | Reached ** piety under Vehumet
  2972 | D:5      | Offered knowledge of Searing Ray by Vehumet.
  2975 | D:5      | Reached XP level 8. HP: 8/63 MP: 3/12
  2982 | D:4      | Reached skill level 9 in Ice Magic
  3205 | D:5      | Noticed Grinder
  3646 | D:6      | Found a staircase to the Ecumenical Temple.
  3729 | D:6      | Found Hauvod's Antique Weapon Shop.
  3778 | D:6      | Learned a level 4 spell: Hailstorm
  3869 | D:6      | Reached skill level 10 in Ice Magic
  3933 | D:6      | Reached skill level 1 in Short Blades
  4011 | D:6      | Reached XP level 9. HP: 63/71 MP: 15/15
  4124 | D:6      | Reached skill level 5 in Spellcasting
  4272 | D:6      | Offered knowledge of Conjure Flame by Vehumet.
  4487 | Temple   | Entered the Ecumenical Temple
  4580 | D:7      | Reached *** piety under Vehumet
  4716 | D:7      | Reached skill level 11 in Ice Magic
  5164 | D:8      | Offered knowledge of Mephitic Cloud by Vehumet.
  5176 | D:8      | Learned a level 3 spell: Mephitic Cloud
  5306 | D:8      | Noticed Gastronok
  5346 | D:8      | HP: 3/71 [bat[Gastronok] (1)]
  5347 | D:8      | Slain by Gastronok

Levels and vault maps discovered:
D:1:      ncdulo_smallfort, layout_loops_ring, due_unseen_surprise
D:2:      layout_basic, patterned_corridor
D:3:      layout_basic, grunt_temple_overflow_open, uniq_ijyb
D:4:      layout_cave_pools, vehumet_statue, first_ration, uniq_sigmund
D:5:      layout_loops_ring, uniq_grinder
D:6:      layout_gridville, minmay_temple_entry_slanted, serial_shops, shop,
          minmay_statues_item
D:7:      layout_basic
D:8:      minmay_the_grid_triangle_9x9_recursive_2
          [minmay_the_grid_triangle_9x9_prize_center,
          minmay_the_grid_triangle_9x9_impossible_snake,
          minmay_the_grid_triangle_9x9_windchime,
          minmay_the_grid_triangle_9x9_subtriangle], layout_basic,
          xom_redecorated, basic_altar, serial_shops, nicolae_shop_trees,
          grunt_pizzeria, elyvilon_altar_3, uniq_joseph, uniq_gastronok
Temple:   eino_temple_rhombus

Skill      XL: |  1  2  3  4  5  6  7  8  9 |
---------------+----------------------------+-----
Spellcasting   | 2 3 4 5 |  5.7
Ice Magic      | 5 6 7 8 10 11 | 11.5
Fighting       | 3 4 |  4.0
Short Blades   | 1 3 |  3.5
Dodging        | |  1.7
Stealth        | |  2.1

Action                   |  1- 3 |  4- 6 |  7- 9 || total
-------------------------+-------+-------+-------++-------
Melee: Unarmed           |    51 |    34 |       ||    85
       Short sword       |       |    58 |       ||    58
       Dagger            |       |       |   160 ||   160
Throw: Dart              |       |       |     1 ||     1
 Cast: Freeze            |    27 |    73 |    53 ||   153
       Frozen Ramparts   |       |     5 |    22 ||    27
       Summon Ice Beast  |       |     1 |       ||     1
       Mephitic Cloud    |       |       |     2 ||     2
  Use: Potion            |     1 |       |     3 ||     4
       Scroll            |       |     7 |     7 ||    14
 Stab: Sleeping          |       |     1 |     7 ||     8
  Eat: Chunk             |     7 |    25 |    37 ||    69
Armor: Robe              |    15 |    25 |    32 ||    72
Dodge: Dodged            |    67 |    76 |   119 ||   262

Table legend:
 A = Non-vault XP
 B = Vault XP
 C = Vault XP percentage of total XP
 D = Non-vault monster count
 E = Vault monster count
 F = Vault count percentage of total count
                 A         B        C        D         E       F
            +---------+---------+-------+---------+---------+-------
      Total |    3892 |     244 |   5.9 |     172 |       2 |   1.1
            +---------+---------+-------+---------+---------+-------
        D:1 |      64 |       0 |   0.0 |      33 |       0 |   0.0
        D:2 |     129 |       0 |   0.0 |      30 |       0 |   0.0
        D:3 |     118 |      36 |  23.4 |      11 |       1 |   8.3
        D:4 |     536 |     208 |  28.0 |      23 |       1 |   4.2
        D:5 |     568 |       0 |   0.0 |      20 |       0 |   0.0
        D:6 |     987 |       0 |   0.0 |      22 |       0 |   0.0
        D:7 |    1312 |       0 |   0.0 |      31 |       0 |   0.0
        D:8 |     178 |       0 |   0.0 |       2 |       0 |   0.0
            +---------+---------+-------+---------+---------+-------
